 Dungeon Crawl Stone Soup version 0.29-a0-993-g4a18f31a58 (webtiles) character file.

Game seed: 13624986950136982594

60 IdlyInterested the Twirler (level 3, -3/28 HPs)
             Began as a Demonspawn Gladiator on Aug 2, 2022.
             Slain by a gnoll
             ... wielding a +0 halberd
              (11 damage)
             ... on level 2 of the Dungeon.
             The game lasted 00:03:04 (1569 turns).

IdlyInterested the Twirler (Demonspawn Gladiator)   Turns: 1569, Time: 00:03:05

Health: -3/28      AC:  6    Str: 16    XL:     3   Next: 80%
Magic:  3/3        EV: 11    Int:  9    God:
Gold:   96         SH:  0    Dex: 14    Spells: 2/2 levels left

rFire   . . .      SeeInvis .   a - +0 quarterstaff
rCold   . . .      Faith    .   (shield currently unavailable)
rNeg    . . .      Spirit   .   k - +0 ring mail
rPois   .          Reflect  .   (helmet restricted)
rElec   .          Harm     .   l - +0 cloak
rCorr   .          Rampage  .   (no gloves)
Will    .....                   (no boots)
Stlth   +.........              i - amulet of regeneration
HPRegen 0.89/turn               (no ring)
MPRegen 0.08/turn               (no ring)

@: no status effects
A: horns 1
a: no special abilities


You were on level 2 of the Dungeon.
You visited 1 branch of the dungeon, and saw 2 of its levels.

You collected 96 gold pieces.

Inventory:

Hand Weapons
 a - a +0 quarterstaff (weapon)
Missiles
 d - 3 throwing nets (quivered)
 e - a javelin
Armour
 b - a +0 leather armour
 k - a +0 ring mail (worn)
 l - a +0 cloak (worn)
 m - a +0 buckler
Magical Staves
 h - a staff of air
Jewellery
 i - an amulet of regeneration (around neck)
Scrolls
 f - a scroll of immolation {unknown}
 o - a scroll of enchant weapon {unknown}
 p - a scroll of brand weapon {unknown}
Potions
 c - a potion of magic {unknown}
 g - 3 potions of flight {unknown}
 j - 2 potions of attraction {unknown}
 n - a potion of mutation {unknown}
 q - a potion of might {unknown}


   Skills:
 + Level 2.8 Fighting
 * Level 3.9 Staves
 - Level 1.7 Throwing
 - Level 2.6 Dodging


You had 2 spell levels left.
You didn't know any spells.
Your spell library contained the following spells:

 Spells                   Type           Power      Damage    Failure   Level
 Summon Small Mammal      Summ           0%         N/A       61%         1
 Call Canine Familiar     Summ           0%         N/A       93%         3
 Summon Guardian Golem    Hex/Summ       0%         N/A       93%         3


Dungeon Overview and Level Annotations

Branches:
Dungeon (2/15)

Altars:
Ru


Innate Abilities, Weirdness & Mutations

You have a pair of small horns on your head.


Message History

You hear a shout! 2 gnolls come into view.
The gnoll shouts! x2
The gnoll moves out of view.
You see here a rat corpse.
The gnoll barely misses you.
You see here a rat corpse.
You hit the gnoll.
The gnoll is moderately wounded.
The gnoll hits you with a +2 vorpal spear.
You barely miss the gnoll.
The gnoll is moderately wounded.
The gnoll hits you with a +2 vorpal spear.
You hit the gnoll.
The gnoll is severely wounded.
You barely miss the gnoll. The gnoll barely misses you.
You closely miss the gnoll. The gnoll barely misses you.
The gnoll hits you from afar with a +2 vorpal spear!
The gnoll hits you from afar with a +2 vorpal spear.
The gnoll hits you but does no damage.
You hit the gnoll.
The gnoll is lightly wounded.
The gnoll hits you but does no damage. The gnoll barely misses you.
You hit the gnoll.
The gnoll is moderately wounded.
The gnoll hits you with a +0 whip. The gnoll hits you but does no damage.
You sock the gnoll!
You kill the gnoll!
The gnoll barely misses you. The gnoll barely misses you.
The gnoll hits you with a +2 vorpal spear.
* * * LOW HITPOINT WARNING * * *
x2 You see here a +0 whip.
You closely miss the gnoll. You headbutt the gnoll.
The gnoll is almost dead.
The gnoll barely misses you. The gnoll closely misses you.
You hit the gnoll.
You kill the gnoll!
The gnoll hits you from afar with a +0 halberd!
You die...

#.# #. #.# #.
#.# #. #.# #.
#.# . #. #.#
... #. #.#
.g...#.####.#
#..gg)@†.#
#....######
#..## ##


You could see 2 gnolls.

Vanquished Creatures
  2 gnolls (D:2)
  An adder (D:2)
  A worm (D:2)
  2 dart slugs
  3 endoplasms
  3 goblins (D:1)
  3 hobgoblins
  4 jackals (D:1)
  3 quokkas (D:1)
  5 ball pythons
  A frilled lizard (D:2)
  2 kobolds (D:2)
  4 rats (D:2)
34 creatures vanquished.

Notes
Turn   | Place    | Note
-------+----------+-------------------------------------------
     0 | D:1      | IdlyInterested the Demonspawn Gladiator began the quest for
                  | the Orb.
     0 | D:1      | Reached XP level 1. HP: 16/16 MP: 1/1
    97 | D:1      | Reached skill level 3 in Staves
   102 | D:1      | Gained mutation: You have a pair of small horns on your
                  | head. [demonic ancestry]
   102 | D:1      | Reached XP level 2. HP: 15/22 MP: 2/2
   425 | D:1      | Found a faded altar of an unknown god.
  1209 | D:2      | Reached XP level 3. HP: 26/28 MP: 3/3
  1316 | D:2      | Found a sacrificial altar of Ru.
  1569 | D:2      | Slain by a gnoll

Illustrated notes

Levels and vault maps discovered:
D:1:      dpeg_arrival_three_bigger_balls, layout_loops_ring,
          dilly_ecumenical_altar_fadedgnrine, st_stairs_2
D:2:      layout_basic, basic_altar

Skill      XL: |  1 |
---------------+----+-----
Staves         | 3 |  3.9
Fighting       | |  2.8
Throwing       | |  1.7
Dodging        | |  2.6

Action                   || total
-------------------------++-------
Melee: Quarterstaff      ||   102
       Headbutt          ||     6
  Use: Scroll            ||     4
 Stab: Sleeping          ||     1
Armor: Leather armour    ||    15
       Ring mail         ||    18
Dodge: Dodged            ||    63

Table legend: (Time is in decaauts)
 A = Elapsed time spent in this place.
 B = Non-inter-level travel time spent in this place.
 C = Inter-level travel time spent in this place.
 D = Time resting spent in this place.
 E = Time spent auto-exploring this place.
 F = Levels seen in this place.
 G = Mean time per level.
                   A        B        C        D        E       F      G
               +--------+--------+--------+--------+--------+-----+--------+
         Total |   1582 |   1335 |    247 |    129 |    813 |   2 |  791.0 |
       Dungeon |   1582 |   1335 |    247 |    129 |    813 |   2 |  791.0 |
               +--------+--------+--------+--------+--------+-----+--------+

Top non-repeatable levels by time:
     D:1: 1163 daAuts
     D:2: 418 daAuts
